 Dungeon Crawl Stone Soup version 0.25-a0-61-g63109bb16d (webtiles) character file.

Game seed: 13815483647694590831, levelgen mode: deterministic

135 MrRokkomies the Sneak (level 4, -8/22 HPs)
             Began as a Spriggan Assassin on Oct 29, 2019.
             Was an Initiate of Okawaru.
             Killed by nerve-wracking pain
             ... invoked by an orc priest
              (13 damage)
             ... on level 4 of the Dungeon.
             The game lasted 00:06:42 (2870 turns).

MrRokkomies the Sneak (Spriggan Assassin)           Turns: 2870, Time: 00:06:43

Health: -8/22      AC:  3    Str:  7    XL:     4   Next: 97%
Magic:  5/5        EV: 17    Int: 12    God:    Okawaru [......]
Gold:   60         SH:  0    Dex: 18    Spells: 3/3 levels left

rFire    . . .     SeeInvis +   a - +2 dagger
rCold    . . .     Gourm    .   (shield restricted)
rNeg     . . .     Faith    .   b - +0 robe
rPois    .         Spirit   .   (helmet restricted)
rElec    .         Reflect  .   c - +0 cloak
rCorr    .         Harm     .   (gloves unavailable)
MR       .....                  (boots unavailable)
Stlth    ++++......             (no amulet)
HPRegen  0.07/turn              (no ring)
MPRegen  0.09/turn              (no ring)

@: very quick
A: very small, unfitting armour, see invisible, herbivore, speed 3, slow
metabolism 2
a: Renounce Religion


You were on level 4 of the Dungeon.
You worshipped Okawaru.
Okawaru was noncommittal.
You were not hungry.

You visited 1 branch of the dungeon, and saw 4 of its levels.

You collected 60 gold pieces.

Inventory:

Hand Weapons
 a - a +2 dagger (weapon)
Missiles
 d - 7 poisoned darts (quivered)
 e - 2 curare-tipped darts
Armour
 b - a +0 robe (worn)
 c - a +0 cloak (worn)
Jewellery
 j - an uncursed ring of protection from fire {unknown}
Scrolls
 g - a scroll of remove curse
Potions
 h - 2 potions of degeneration {unknown}
 i - 2 potions of berserk rage {unknown}
Comestibles
 f - 2 rations


   Skills:
 - Level 1.5 Fighting
 * Level 4.0 Short Blades
 * Level 3.6 Throwing
 - Level 1.5 Dodging
 + Level 6.7 Stealth


You had 3 spell levels left.
You didn't know any spells.
Your spell library was empty.

Dungeon Overview and Level Annotations

Branches:
Dungeon (4/15)
 Temple: D:4-7

Altars:
Makhleb
Okawaru
Ru
Xom
Zin
The Shining One


Innate Abilities, Weirdness & Mutations

You are very small and have problems with some larger weapons.
You are too small for most types of armour.
You have supernaturally acute eyesight. (SInv)
You are a herbivore.
You cover ground extremely quickly.
You need to consume almost no food.


Message History

You start resting.
The kobold is too close now for your liking.
A kobold is nearby!
A kobold is nearby!
Throwing (i - inventory. (/) - cycle)
d - 7 poisoned darts (quivered)
Press: ? - help, Shift-Dir - straight line, f - kobold
Aim: a kobold, wielding a +0 dagger
Okay, then.
Unknown command.
There is a stone staircase leading down here.
You climb downwards. 2 orcs, 2 orc priests, an orc wizard and a howler monkey come into view.
Found three items.
Found an escape hatch in the floor.
There is a stone staircase leading up here.
The orc priest shouts! x2; The orc shouts!
You hear a shout!
The orc shouts!
Found 20 stones.
The orc priest calls down the wrath of Beogh upon you.
Pain shoots through your body!
Ouch! That really hurt!
You die...

# #. .# . . ##
... #. ..
#.:.#.####.##.#
....h..@.?.....
#.............#
###...........#
#..oo.......#
#...........#
#...>.o.o...#
....?........#
#....o...######
#..(.....#


You could see a howler monkey, 2 orc priests, an orc wizard and 2 orcs.

Vanquished Creatures
  6 adders
  A gnoll (D:1)
  2 oozes (D:2)
  A worm (D:2)
  A dart slug (D:1)
  3 leopard geckos
  An orc (D:3)
  A giant cockroach (D:1)
  6 goblins
  4 hobgoblins
  4 jackals (D:2)
  A quokka (D:2)
  11 bats
  A frilled lizard (D:3)
  6 kobolds
  8 rats
57 creatures vanquished.

Notes
Turn   | Place    | Note
-------+----------+-------------------------------------------
     0 | D:1      | MrRokkomies the Spriggan Assassin began the quest for the
                  | Orb.
     0 | D:1      | Reached XP level 1. HP: 10/10 MP: 2/2
    90 | D:1      | Reached skill level 6 in Stealth
    90 | D:1      | Reached XP level 2. HP: 13/14 MP: 3/3
   327 | D:1      | Reached XP level 3. HP: 18/18 MP: 4/4
  1133 | D:2      | Found an iron altar of Okawaru.
  1142 | D:2      | Became a worshipper of Warmaster Okawaru
  1490 | D:2      | Reached XP level 4. HP: 18/22 MP: 5/5
  1592 | D:2      | Found a burning altar of Makhleb.
  1599 | D:2      | Found a shimmering altar of Xom.
  1601 | D:2      | Noticed an angel
  1603 | D:2      | Found a glowing silver altar of Zin.
  2147 | D:2      | Found a glowing golden altar of the Shining One.
  2158 | D:2      | Found a sacrificial altar of Ru.
  2870 | D:4      | Killed from afar by an orc priest

Levels and vault maps discovered:
D:1:      psy_arrival_whirlpool, layout_loops_ring
D:2:      layout_loops_corners, grunt_temple_overflow_order_and_chaos_1,
          lemuel_crystal_altar, bloody_makhleb, amethyst_overflow_temple_binary
D:3:      cheibrodos_greedy_goblins, layout_basic, lemuel_round_altar,
          elyvilon_altar_5, uniq_grinder
D:4:      layout_basic, lemuel_round_altar, minmay_temple_entry_butterflies,
          minmay_shop_mass, minmay_misc_feat_chi, uniq_sigmund

Skill      XL: |  1  2  3  4 |
---------------+-------------+-----
Stealth        | 6 |  6.7
Short Blades   | 3 4 |  4.0
Throwing       | 3 |  3.6
Fighting       | |  1.5
Dodging        | |  1.5

Action                   |  1- 3 |  4- 6 || total
-------------------------+-------+-------++-------
Melee: Dagger            |   117 |    91 ||   208
Throw: Dart              |    11 |    14 ||    25
  Use: Scroll            |     4 |       ||     4
 Stab: Sleeping          |    19 |     3 ||    22
Armor: Robe              |    14 |    10 ||    24
Dodge: Dodged            |    86 |    61 ||   147

Table legend:
 A = Non-vault XP
 B = Vault XP
 C = Vault XP percentage of total XP
 D = Non-vault monster count
 E = Vault monster count
 F = Vault count percentage of total count
                 A         B        C        D         E       F
            +---------+---------+-------+---------+---------+-------
      Total |     194 |       0 |   0.0 |      57 |       0 |   0.0
            +---------+---------+-------+---------+---------+-------
        D:1 |      61 |       0 |   0.0 |      29 |       0 |   0.0
        D:2 |      84 |       0 |   0.0 |      21 |       0 |   0.0
        D:3 |      49 |       0 |   0.0 |       7 |       0 |   0.0
            +---------+---------+-------+---------+---------+-------
